023, lawful female dwarven Valkyrie ............................................................... >......................................................... .....................a........{...................... .........H..........................}}}.......... ..............................}}}}.......... ...a.....................}}}}.......... .....................}}}........... -.....}}}........................ |.....}}}........................ |.....}}}........................ +................................ |...........................a.... ......... |................................ ..................... ------------------................................ ................................................}}}}........................ ............................H..a................}}}}}.....................a. ....}}}.}..............}........................}}}}.....................fa. ...}}}}}..............}}}.........................................^......@.. ....}}}..............}}}}.....a...........}................................. ......................}}}................................................... 023 the Fighter Experience level: 8 Strength: 25 Dexterity: 13 Constitution: 20 Intelligence: 10 Wisdom: 9 Charisma: 8 Health: 0(92) Energy: 10(10) Def: 6 Gold: 1255 Moves: 3935 Dungeon seed: VYrFyaS9GAt26C3v Game ID: 023_1588104139 Your Inventory: Coins $ - 1255 gold pieces Weapons a - a +2 long sword (weapon in hand) b - a +0 dagger Armor e - an uncursed +3 small shield (being worn) n - an uncursed +0 mummy wrapping q - an uncursed +0 orcish helm (being worn) r - an uncursed +0 elven shield y - an uncursed +0 pair of gauntlets of power (being worn) Comestibles c - 5 uncursed food rations Spellbooks v - an uncursed spellbook of cancellation C - an uncursed spellbook of blank paper Potions J - an uncursed potion of full healing Rings f - a cursed ring of slow digestion o - an uncursed ring of polymorph control s - an uncursed ring of fire resistance Wands D - a wand of undead turning (0:7) G - a wand of nothing (0:5) Tools j - an uncursed lock pick l - an uncursed sack I - an uncursed wooden harp Gems z - 2 uncursed worthless pieces of violet glass E - an uncursed worthless piece of red glass F - an uncursed worthless piece of blue glass N - an uncursed worthless piece of white glass (in quiver) Contents of the sack: a cursed potion of fruit juice Spells and supernatural/magical abilities: Name Level Category Fail Memory W - pray for help -- divine ? -- Your skills at the end: Fighting Skills Weapon Skills dagger [Basic] long sword [Basic] Spellcasting Skills Final Attributes: You were piously aligned. You were cold resistant. You had infravision. You were stealthy. You were fast. You are dead. Vanquished creatures: a ghost a stalker a small mimic a quantum mechanic a leocrotta 2 leather golems a chameleon a giant beetle a quivering blob 2 lynxes an owlbear 2 yetis 2 chickatrices a dog a dingo a jaguar a white unicorn a dust vortex a gnome mummy 3 human zombies a soldier ant 2 fire ants 3 imps 2 quasits a water nymph 3 rock moles a pony 2 yellow lights a shrieker a giant ant 6 rothes a rabid rat 2 centipedes 2 giant bats 2 monkeys a werejackal 3 killer bees 3 acid blobs 5 coyotes 8 manes a large kobold 2 hobgoblins 4 cave spiders a brown mold 2 yellow molds 2 green molds 2 garter snakes 3 geckos 5 jackals a goblin 2 sewer rats a bat a lichen a kobold zombie 3 newts 107 creatures vanquished. Voluntary challenges: You had been an atheist until turn 3926. You used a wielded weapon 145 times, starting on turn 122. You read items or engraved 5 times, starting on turn 422. You never genocided any monsters. You never polymorphed an object. You never changed form. You used no wishes. You never split a pudding. You never wrote Elbereth's name. You never violated your personal moral code. Dungeon overview: The Dungeons of Doom: levels 1 to 13 Level 1 an altar to Odin, a fountain a long staircase Level 2 Level 3 a general store, a fountain Level 4 Level 5 many fountains Level 6 a sink a long staircase Level 7 a scroll shop, a fountain Level 8 Level 9 a fountain Level 10 an altar to Loki Level 11 Level 12 many fountains portal to The Quest Level 13 The Quest: Level 1 <- You were here a fountain portal to The Dungeons of Doom History has recorded: On T:1 you entered the Dungeons of Doom to retrieve the Amulet of Yendor! On T:167 you reached level 2 of The Dungeons of Doom. On T:411 you reached level 3 of The Dungeons of Doom. On T:644 you advanced to experience level 2. On T:702 you reached level 4 of The Dungeons of Doom. On T:869 you advanced to experience level 3. On T:996 you reached level 5 of The Dungeons of Doom. On T:1114 you advanced to experience level 4. On T:1458 you reached level 6 of The Dungeons of Doom. On T:2083 you reached level 8 of The Dungeons of Doom. On T:2177 you reached level 7 of The Dungeons of Doom. On T:2445 you advanced to experience level 5. On T:2668 you reached level 9 of The Dungeons of Doom. On T:2780 you advanced to experience level 8. On T:2910 you reached level 10 of The Dungeons of Doom. On T:3116 you reached level 11 of The Dungeons of Doom. On T:3369 you reached level 12 of The Dungeons of Doom. On T:3536 you reached level 13 of The Dungeons of Doom. On T:3862 you advanced to experience level 9. On T:3918 you reached level 1 of The Quest. Score breakdown: Gold: 1255 (10541 points) Experience: 8 levels (14739 points) Exploration: 13 levels ( 27.08%) (15158 points) Discoveries: 11 items ( 4.47%) ( 6343 points) Valuables value: (no points given unless you survive) Artifact value: 0 ( 0 points) Variety of kills: 55 monsters ( 14.44%) (11398 points) Turncount: 3935 turns (-1000 points) Survival: died (score multiplied by 80%) Total score: 45743 Latest messages: You kill the fire ant! The fire ant bites! (2x) You're on fire! The fire ant bites! The fire ant misses. The fire ant bites! (2x) You're on fire! The housecat misses the fire ant. The fire ant bites! (2x) You're on fire! Your scroll labeled ELAM EBOW catches fire and burns! The housecat bites the fire ant. The fire ant misses the housecat. (2x) A tower of flame erupts from the ice under the white unicorn! The ice crackles and melts. The fire ant misses the housecat. The fire ant bites the housecat. The housecat is on fire! The white unicorn drowns. The fire ant bites! (2x) You're on fire! You die... Final status: Farvel 023 the Valkyrie, killed by a fire ant... You died in The Quest on dungeon level 1 with 45743 points, and 1255 pieces of gold, after 3935 moves. You were level 8 with a maximum of 92 hit points when you died.